 Dungeon Crawl Stone Soup version 0.30-a0-311-gf115ab0292 (webtiles) character file.

Game seed: 17830032586792631517

28 koil the Chopper (level 3, 0/33 HPs)
             Began as a Hill Orc Berserker on Oct 25, 2022.
             Was a Follower of Trog.
             Slain by an adder (2 damage)
             ... on level 2 of the Dungeon.
             The game lasted 00:01:54 (927 turns).

koil the Chopper (Hill Orc Berserker)                Turns: 927, Time: 00:01:56

Health: 0/33       AC:  4    Str: 21    XL:     3   Next: 12%
Magic:  3/3        EV: 11    Int:  7    God:    Trog [*.....]
Gold:   126        SH:  0    Dex: 10    Spells: 2/2 levels left

rFire   . . .      SeeInvis .    a - +0 hand axe
rCold   . . .      Faith    .    (no shield)
rNeg    . . .      Spirit   .    f - +0 leather armour
rPois   .          Reflect  .    h - +0 helmet
rElec   .          Harm     .    (no cloak)
rCorr   .          Rampage  .    (no gloves)
Will    .....                    (no boots)
Stlth   +.........               (no amulet)
HPRegen 0.25/turn                (no ring)
MPRegen 0.08/turn                (no ring)

@: lethally poisoned (0 -> -3)
A: no striking features
a: Renounce Religion, Berserk


You were on level 2 of the Dungeon.
You worshipped Trog.
Trog was aware of your devotion.
You visited 1 branch of the dungeon, and saw 2 of its levels.

You collected 126 gold pieces.

Inventory:

Hand Weapons
 a - a +0 hand axe (weapon)
Armour
 b - a +0 animal skin
 f - a +0 leather armour (worn)
 h - a +0 helmet (worn)
Scrolls
 c - 2 scrolls of identify {unknown}
 d - a scroll of brand weapon {unknown}
 e - a scroll of blinking {unknown}
Potions
 g - a potion of lignification {unknown}


   Skills:
 + Level 4.0 Fighting
 + Level 4.4 Axes
 + Level 2.7 Armour
 + Level 2.0 Dodging


You had 2 spell levels left.
You didn't know any spells.
Your spell library was empty.

Dungeon Overview and Level Annotations

Branches:
Dungeon (2/15)

Altars:


Message History

The adder is moderately wounded.
You feel sick. The adder barely misses you.
You hit the adder but do no damage.
The adder is moderately wounded.
You feel sick. The adder barely misses you. The adder misses you.
You hit the adder.
The adder is moderately wounded.
You feel sick. The adder bites you.
You are more poisoned.
The adder poisons you!
You barely miss the adder.
The adder is moderately wounded.
You feel sick. The adder bites you but does no damage. The adder bites you.
You barely miss the adder.
The adder is moderately wounded.
You feel sick. The adder bites you but does no damage.
You closely miss the adder.
The adder is moderately wounded.
You feel sick. The adder closely misses you. The adder bites you.
You are more poisoned.
The adder poisons you!
You hit the adder but do no damage.
The adder is moderately wounded.
* * * LOW HITPOINT WARNING * * *
You feel very sick. The adder bites you.
* * * LOW HITPOINT WARNING * * *
You completely miss the adder.
The adder is moderately wounded.
* * * LOW HITPOINT WARNING * * *
You feel sick.
An endoplasm comes into view.
The adder bites you but does no damage.
You miss the adder.
The adder is moderately wounded.
* * * LOW HITPOINT WARNING * * *
You feel sick.
The endoplasm quivers.
The adder bites you.
You die...

#### ##### #
#..##.#..#
.#.##@.#.##..#
#...S##....##
#.##..#.##..#
#.(##.#..##.#..#
##....##....# .
..##J#..##.#.(#
#.. .##..#.##..#
.# ...##.. ##..
##. #.# .##


You could see an adder and an endoplasm.

Vanquished Creatures
  2 dart slugs (D:1)
  3 ball pythons (D:1)
  2 endoplasms (D:1)
  2 giant cockroaches (D:1)
  A goblin (D:1)
  2 hobgoblins (D:1)
  2 kobolds (D:1)
  A quokka (D:1)
  3 bats (D:1)
  2 frilled lizards (D:1)
  2 rats (D:1)
22 creatures vanquished.

Notes
Turn   | Place    | Note
-------+----------+-------------------------------------------
     0 | D:1      | koil the Hill Orc Berserker began the quest for the Orb.
     0 | D:1      | Reached XP level 1. HP: 19/19 MP: 1/1
   231 | D:1      | Reached XP level 2. HP: 22/27 MP: 2/2
   764 | D:1      | Reached XP level 3. HP: 20/33 MP: 3/3
   927 | D:2      | Slain by an adder

Illustrated notes

Levels and vault maps discovered:
D:1:      saegor_arrival_simple_c, layout_loops_cross, chequers_mini_garden,
          minmay_pentomino_w4
D:2:      layout_basic, hellmonk_ecumenical_altar_blasted, nicolae_eternal_life

Skill      XL: |  1  2 |
---------------+-------+-----
Fighting       | 4 |  4.0
Dodging        | 2 |  2.0
Axes           | |  4.4
Armour         | |  2.7

Action                   || total
-------------------------++-------
Melee: Hand axe          ||    62
Invok: Berserk           ||     1
 Stab: Sleeping          ||     1
Armor: Animal skin       ||     5
       Leather armour    ||    13
Dodge: Dodged            ||    37

Table legend: (Time is in decaauts)
 A = Elapsed time spent in this place.
 B = Non-inter-level travel time spent in this place.
 C = Inter-level travel time spent in this place.
 D = Time resting spent in this place.
 E = Time spent auto-exploring this place.
 F = Levels seen in this place.
 G = Mean time per level.
                   A        B        C        D        E       F      G
               +--------+--------+--------+--------+--------+-----+--------+
         Total |    940 |    930 |     10 |     37 |    735 |   2 |  470.0 |
       Dungeon |    940 |    930 |     10 |     37 |    735 |   2 |  470.0 |
               +--------+--------+--------+--------+--------+-----+--------+

Top non-repeatable levels by time:
     D:1: 914 daAuts
     D:2: 26 daAuts
